 Dungeon Crawl Stone Soup version 0.28-a0-445-g51f8dfeb47 (webtiles) character file.

Game seed: 8794289422172723167

12395 Majang the Covert (level 9, -9/94 HPs)
             Began as an Octopode Brigand on Sept 13, 2021.
             Was a High Priest of Ru.
             Mangled by a death yak (22 damage)
             ... on level 10 of the Dungeon.
             The game lasted 00:54:56 (14002 turns).

Majang the Covert (Octopode Brigand)               Turns: 14002, Time: 00:54:57

Health: -9/94      AC:  1    Str: 11    XL:     9   Next: 92%
Magic:  4/9        EV: 18    Int: 13    God:    Ru [*****.]
Gold:   269        SH:  8    Dex: 25    Spells: 8/8 levels left

rFire   x . .      SeeInvis +   D - +2 rapier "Ateysust" {distort, *Corrode Fly Dex+9 SInv}
rCold   x . .      Faith    .   v - +2 buckler
rNeg    . . .      Spirit   .   (helmet restricted)
rPois   +          Reflect  .   (no amulet)
rElec   .          Harm     .   j - ring of resist corrosion
rCorr   +          Rampage  .   w - ring of flight
Will    .....                   q - ring of poison resistance
Stlth   ..........              (no ring)
HPRegen 0.25/turn               (no ring)
MPRegen 0.11/turn               (no ring)
                                (no ring)
                                (no ring)

@: berserking, exhausted, flying, very quick
A: almost no armour, amphibious, 8 rings, camouflage 1, gelatinous body 1,
unskilled 1, inexperienced 1, temperature sensitive, (nimble swimmer 1),
tentacles
a: Renounce Religion, Draw Out Power, Power Leap, Apocalypse


You were on level 10 of the Dungeon.
You worshipped Ru.
Ru was extremely pleased with you.
You visited 2 branches of the dungeon, and saw 11 of its levels.
You also visited: Ossuary.

You collected 659 gold pieces.
You spent 390 gold pieces at shops.

Inventory:

Hand Weapons
 a - a +2 dagger
 b - a +0 long sword of freezing
 f - a +0 falchion
 r - a +2 dagger of flaming
 D - the +2 rapier "Ateysust" (weapon) {distort, *Corrode Fly Dex+9 SInv}
   (You found it on level 6 of the Dungeon)

   It warps and distorts space around it, and may blink, banish, or inflict
   extra damage upon those it strikes.
   Unwielding it can cause banishment or high damage.
   Dex:       It affects your dexterity (+9).
   SInv:      It lets you see invisible.
   Fly:       It grants you flight.
   *Corrode:  It may corrode you when you take damage.
 E - a +0 dagger of venom
 I - a +3 long sword of freezing
Missiles
 c - 2 curare-tipped darts
 g - 4 boomerangs of dispersal
 s - 13 poisoned darts (quivered)
 J - 2 boomerangs
Armour
 v - a +2 buckler (worn)
Jewellery
 j - a ring of resist corrosion (left tentacle)
 q - a ring of poison resistance (on tentacle)
 w - a ring of flight (right tentacle)
Wands
 k - a wand of acid (18)
 t - a wand of polymorph (7)
 C - a wand of paralysis (7)
 F - a wand of iceblast (16)
 L - a wand of digging (2)
Scrolls
 i - 3 scrolls of teleportation
 m - 6 scrolls of fog
 u - a scroll of amnesia
 x - a scroll of immolation
 y - 3 scrolls of magic mapping
 A - a scroll of vulnerability
 H - 2 scrolls of summoning {unknown}
 M - a scroll of identify
Potions
 d - 2 potions of brilliance
 e - a potion of invisibility
 h - 5 potions of curing
 l - 2 potions of might
 n - a potion of attraction {unknown}
 o - a potion of mutation {unknown}
 p - 4 potions of lignification
 z - 3 potions of haste
 B - 2 potions of flight
 K - a potion of resistance {unknown}


   Skills:
 + Level 6.6 Fighting
 - Level 1.7(6.0) Short Blades
 * Level 9.1(9.2) Long Blades
 + Level 6.6 Throwing
 + Level 6.3 Dodging
 + Level 10.3 Stealth
 - Level 3.6 Shields
 + Level 6.4 Evocations


You had 8 spell levels left.
You didn't know any spells.
Your spell library contained the following spells:

 Spells                   Type           Power      Damage    Failure   Level
 Animate Skeleton         Necr           0%         N/A       32%         1
 Magic Dart               Conj           0%         1d3       32%         1
 Pain                     Necr           0%         1d4       32%         1
 Call Imp                 Summ           0%         N/A       43%         2
 Corpse Rot               Necr/Air       N/A        N/A       43%         2
 Ensorcelled Hibernation  Hex/Ice        0%         N/A       43%         2
 Dazzling Flash           Conj/Hex       0%         N/A       67%         3
 Mephitic Cloud           Conj/Pois/Air  0%         N/A       67%         3
 Spider Form              Tmut/Pois      0%         N/A       67%         3
 Tukima's Dance           Hex            0%         N/A       67%         3
 Vampiric Draining        Necr           0%         2d6       67%         3
 Dispel Undead            Necr           0%         3d6       97%         4
 Iskenderun's Mystic Bla  Conj/Tloc      0%         2d3       97%         4
 Death Channel            Necr           0%         N/A       100%        6
 Starburst                Conj/Fire      0%         6d3       100%        6


Dungeon Overview and Level Annotations

Branches:
Dungeon (10/15)            Temple (1/1) D:4            Lair (0/6) D:10
Ossuary (visited)
    Orc: D:9-12

Altars:
Ashenzari
Cheibriados
Dithmenos
Elyvilon
Fedhas
Gozag
Hepliaklqana
Kikubaaqudgha
Makhleb
Okawaru
Qazlal
Ru
Sif Muna
Uskayaw
Vehumet
Wu Jian
Xom
Yredelemnul
Zin
The Shining One

Shops:
D:1 !   D:7 *

Annotations:
D:4 Grinder
D:5 3 runed translucent doors, Majang's ghost, novice OpBr; yegreS's ghost, novice MiFi
D:6 exclusion: statue


Innate Abilities, Weirdness & Mutations

You cannot wear most types of armour.
You are amphibious.
You can wear up to eight rings at the same time.
Your skin changes colour to match your surroundings (Stealth+).
Your rubbery body absorbs attacks. (AC +1, EV +1)
You are somewhat unskilled. (-1 Apt)
You are somewhat inexperienced. (-2 XL)
You are sensitive to extremes of temperature. (rF-, rC-)
((You are camouflaged near water. (Stealth+)))
You have tentacles for arms and can constrict up to eight enemies at once.


Message History

Space warps horribly around the death yak!
Your squeeze misses the death yak.
The death yak is heavily wounded.
The death yak gores you!
You hit the death yak.
The death yak is heavily wounded.
The death yak blinks!
You hit the death yak.
The death yak is lightly wounded.
The death yak blinks!
Aiming: Power Leap
Press: ? - help, Dir - move target, f - death yak
Aim: a death yak (heavily wounded)
You can't leap on top of the monster!
Aiming: Power Leap
Press: ? - help, Dir - move target, f/p - death yak
Aim: a death yak (heavily wounded)
You can't leap on top of the monster!
Aiming: Power Leap
Press: ? - help, Dir - move target, f/p - death yak
Aim: a death yak (heavily wounded)
You can't leap on top of the monster!
Aiming: Power Leap
Press: ? - help, Dir - move target, p - death yak The death yak gores you!!
* * * LOW HITPOINT WARNING * * *
Unknown command.
A red film seems to cover your vision as you go berserk!
You feel yourself moving faster!
You feel mighty! The death yak closely misses you.
You puncture the death yak!
The death yak is almost dead.
The death yak blinks!
You hit the death yak but do no damage.
Space bends around the death yak.
The death yak is almost dead.
The death yak closely misses you.
You puncture the death yak!
You kill the death yak!
The death yak gores you!!
You die...

#.....).####.#
#..))..†.....#
.##.##.##)###..#
#............#..#
####.##..#......# #.#
#)###.###.#.## #.#
#.###.##.#....
#.######...........##
#)##@†...###.#######
#.##Y##### #.# #.##<#
#.# #.##.# #.#
#####.##.# #.#
#........# #.#
#.##..###### #.#
#........... #.
####.#######
#.########


You could see a death yak.

Vanquished Creatures
  3 death yaks
  A manticore (D:8)
  A cyclops (D:8)
  Psyche (D:8)
  A wyvern (D:10)
  A wraith (D:9)
  4 yaks (D:10)
  A steam dragon (D:7)
  Edmund (D:5)
  An acid dragon (D:8)
  3 orc warriors
  3 ice beasts
  A black bear (D:7)
  3 necrophages (D:6)
  3 centaurs
  An ogre (D:4)
  2 phantoms (D:7)
  4 bullfrogs
  A gnoll sergeant (D:10)
  A wyvern zombie (D:6)
  14 scorpions
  A water moccasin skeleton (D:6)
  9 killer bees
  9 wights
  3 bullfrog zombies (D:5)
  A jelly (D:8)
  Crazy Yiuf (D:5)
  3 centaur zombies
  A human zombie (Ossuary)
  3 iron imps (D:3)
  3 bullfrog skeletons
  A gnoll shaman (D:4)
  5 orc priests
  An iguana (D:6)
  A centaur skeleton (D:5)
  3 scorpion zombies (Ossuary)
  8 orc wizards
  3 mummies (Ossuary)
  8 adders
  19 gnolls
  2 adder skeletons
  2 worms (D:3)
  30 orcs
  6 bats
  5 endoplasms
  4 giant cockroaches
  3 gnoll zombies (Ossuary)
  4 goblins
  9 hobgoblins
  2 jackals (D:3)
  10 kobolds
  A quokka (D:3)
  4 ball pythons
  3 frilled lizards
  2 goblin zombies (Ossuary)
  2 hobgoblin zombies (Ossuary)
  2 kobold zombies (Ossuary)
  5 orc zombies (Ossuary)
  3 rats
233 creatures vanquished.

Vanquished Creatures (others)
  A death yak (D:10)
  A killer bee (D:8)
  An orc wizard (D:8)
3 creatures vanquished.

Grand Total: 236 creatures vanquished

Notes
Turn   | Place    | Note
-------+----------+-------------------------------------------
     0 | D:1      | Majang the Octopode Brigand began the quest for the Orb.
     0 | D:1      | Reached XP level 1. HP: 14/14 MP: 1/1
    14 | D:1      | Found Jaschen's Distillery.
    48 | D:1      | Found a faded altar of an unknown god.
   247 | D:1      | Reached XP level 2. HP: 19/19 MP: 2/2
   310 | D:1      | Reached skill level 1 in Long Blades
   644 | D:2      | Reached XP level 3. HP: 24/24 MP: 3/3
   735 | D:2      | Found a glowing golden altar of the Shining One.
  1190 | D:3      | Reached XP level 4. HP: 30/30 MP: 4/4
  1936 | D:3      | Reached skill level 6 in Stealth
  1936 | D:3      | Reached XP level 5. HP: 24/35 MP: 5/5
  2338 | D:3      | Found a burning altar of Makhleb.
  2514 | D:3      | Reached XP level 6. HP: 42/42 MP: 6/6
  2634 | D:3      | Found a sacrificial altar of Ru.
  2640 | D:3      | Became a worshipper of Ru the Awakened
  3403 | D:4      | Reached skill level 1 in Shields
  3421 | D:4      | Found a sand-covered staircase.
  3431 | Ossuary  | Entered an ossuary
  3471 | Ossuary  | Reached skill level 1 in Evocations
  3471 | Ossuary  | Reached XP level 7. HP: 30/46 MP: 7/7
  4204 | Ossuary  | Reached skill level 7 in Stealth
  4437 | Ossuary  | Reached XP level 8. HP: 52/54 MP: 8/8
  4900 | Ossuary  | Reached skill level 5 in Long Blades
  5217 | D:4      | Found a hazy altar of Hepliaklqana.
  5217 | D:4      | Found an ornate altar of the Wu Jian Council.
  5372 | D:4      | Gained mutation: You are somewhat inexperienced. (-2 XL)
                  | [Ru sacrifice]
  5372 | D:4      | Reached XP level 7. HP: 48/48 MP: 7/7
  5372 | D:4      | Reached XP level 6. HP: 43/43 MP: 6/6
  5372 | D:4      | Reached * piety under Ru
  5372 | D:4      | Reached ** piety under Ru
  5915 | D:4      | Found a staircase to the Ecumenical Temple.
  5925 | Temple   | Entered the Ecumenical Temple
  6130 | D:5      | Entered Level 5 of the Dungeon
  6131 | D:5      | Noticed Grinder
  6394 | D:4      | HP: 1/43 [gnoll shaman (10)]
  6705 | D:5      | Noticed Grinder
  6705 | D:5      | Grinder changed into Grinder the chaos spawn
  7018 | D:5      | You are sucked into a shaft and drop 1 floor!
  7022 | D:6      | Reached XP level 7. HP: 49/49 MP: 7/7
  7029 | D:6      | Found a glowing silver altar of Zin.
  7171 | D:6      | Reached skill level 8 in Stealth
  7271 | D:6      | HP: 1/49 [wyvern zombie (13)]
  7672 | D:6      | Found a radiant altar of Vehumet.
  7788 | D:6      | Identified the +2 rapier "Ateysust" {distort, *Corrode Fly
                  | Dex+9 SInv}
  7848 | D:6      | Found a broken altar of Ashenzari.
  8126 | D:5      | Found a runed translucent gate.
  8127 | D:5      | Found a runed translucent gate.
  8129 | D:5      | Found a runed translucent gate.
  8131 | D:5      | Noticed yegreS's ghost (novice MiFi)
  8131 | D:5      | Noticed Majang's ghost (novice OpBr)
  8246 | D:5      | Noticed Edmund
  8263 | D:5      | Killed Edmund
  8359 | D:5      | Found a runed translucent door.
  8360 | D:5      | Noticed Crazy Yiuf
  8367 | D:5      | Killed Crazy Yiuf
  8368 | D:5      | Reached skill level 5 in Throwing
  8755 | D:6      | Reached skill level 5 in Fighting
  8776 | D:6      | Gained mutation: You are sensitive to extremes of
                  | temperature. (rF-, rC-) [Ru sacrifice]
  8776 | D:6      | Reached *** piety under Ru
  8958 | D:1      | Bought a potion of haste for 130 gold pieces
  8958 | D:1      | Bought a potion of curing for 39 gold pieces
  8958 | D:1      | Bought a potion of curing for 39 gold pieces
  8958 | D:1      | Bought a potion of curing for 39 gold pieces
  8958 | D:1      | Bought a potion of lignification for 39 gold pieces
  8958 | D:1      | Bought a potion of curing for 39 gold pieces
  8958 | D:1      | Bought a potion of heal wounds for 65 gold pieces
 10131 | D:7      | Reached XP level 8. HP: 55/55 MP: 8/8
 10212 | D:7      | Reached skill level 5 in Dodging
 10212 | D:7      | Reached skill level 9 in Stealth
 10378 | D:7      | Found Nesug Aku's Neck Hole.
 11063 | D:8      | Found a snail-covered altar of Cheibriados.
 11131 | D:8      | Noticed Psyche
 11138 | D:8      | Killed Psyche
 11139 | D:8      | Reached skill level 5 in Evocations
 11162 | D:8      | Found a shimmering blue altar of Sif Muna.
 11729 | D:8      | Noticed a cyclops
 11729 | D:8      | Noticed a boulder beetle
 11729 | D:8      | Noticed a cyclops
 11730 | D:8      | Noticed an unseen horror
 11730 | D:8      | Noticed a green ugly thing
 11747 | D:8      | Banished a boulder beetle
 11791 | D:8      | Killed a cyclops
 11883 | D:8      | Noticed a manticore
 11903 | D:8      | Banished an unseen horror
 11909 | D:8      | Banished a green ugly thing
 11910 | D:8      | Reached skill level 10 in Stealth
 11910 | D:8      | Reached XP level 9. HP: 56/62 MP: 9/9
 11932 | D:8      | Killed a manticore
 11933 | D:8      | Banished a cyclops
 12379 | D:9      | Gained mutation: You are somewhat unskilled. (-1 Apt) [Ru
                  | sacrifice]
 12379 | D:9      | Reduced skill Short Blades to level 1
 12379 | D:9      | Reduced skill Dodging to level 5
 12379 | D:9      | Reduced skill Stealth to level 9
 12379 | D:9      | Reduced skill Evocations to level 5
 12379 | D:9      | Reached **** piety under Ru
 12379 | D:9      | Reached ***** piety under Ru
 12558 | D:9      | Found an ancient bone altar of Kikubaaqudgha.
 12623 | D:10     | Entered Level 10 of the Dungeon
 12687 | D:10     | Noticed a death yak
 12689 | D:10     | Found a staircase to the Lair.
 12695 | D:10     | Killed a death yak
 12697 | D:10     | Noticed a death yak
 12697 | D:10     | Noticed a death yak
 12699 | D:10     | Noticed a death yak
 12699 | D:10     | Noticed a death yak
 12699 | D:10     | Noticed a death yak
 12700 | D:10     | Noticed a death yak
 12717 | D:10     | Killed a death yak
 12721 | D:10     | Banished a death yak
 12768 | D:9      | Banished a death yak
 12769 | D:9      | Reached skill level 10 in Stealth
 13767 | D:9      | Killed a death yak
 14002 | D:10     | Killed a death yak
 14002 | D:10     | Mangled by a death yak

Illustrated notes

Levels and vault maps discovered:
D:1:      nzn_arrival_water_spiral, layout_rooms, serial_shops, shop_fountains,
          ebering_ecumenical_altar_petrified
D:2:      layout_basic, basic_altar
D:3:      layout_basic, nicolae_ru_the_path_less_chosen, demons_altar,
          nrook_mini_vaults, chequers_decorated_corner, kennysheep_potato
D:4:      layout_layer_cave, mainiacjoe_overflow_divided_tiny,
          minmay_temple_entry_statues, chequers_ossuary_entry_cave
D:5:      layout_basic, serial_corexii_hall, chequers_hall_statues_wall_a,
          chequers_hall_statues_y, chequers_hall_statues_y,
          gammafunk_ghost_cemetery, uniq_edmund, uniq_grinder,
          uniq_crazy_yiuf_cottage
D:6:      layout_basic, vehumet_statue, mainiacjoe_overflow_cross_hatched,
          mainiacjoe_overflow_alcove_4
D:7:      layout_loops_corners, nicolae_shop_sticking_my_neck_out
D:8:      minmay_chambers_of_sevens, layout_rooms, old_standard_altar,
          amcnicky_altar_gilded, minivault_24, uniq_psyche
D:9:      layout_rooms, kiku_gazebo_pond_becter
D:10:     layout_loops_ring, nemelex_spade_bored_becter, trog_butcher_becter,
          dpeg_lair_monsters, grunt_decor_one_mirror, kennysheep_generic_room_13
Temple:   eino_wide_crystal_templ

Skill      XL: |  1  2  3  4  5  6  7  8  9 |
---------------+----------------------------+-----
Long Blades    | 1 2 3 7 8 9 |  9.1
Dodging        | 2 4 3 6 6 |  6.3
Stealth        | 6 8 10 10 | 10.3
Throwing       | 3 5 6 |  6.6
Fighting       | 3 5 6 |  6.6
Shields        | 3 4 3 |  3.6
Evocations     | 3 4 5 6 |  6.4
Short Blades   | 1 |  1.7

Action                   |  1- 3 |  4- 6 |  7- 9 || total
-------------------------+-------+-------+-------++-------
Melee: Dagger            |    43 |    42 |     8 ||    93
       Constrict         |     6 |    26 |    67 ||    99
       Falchion          |       |    48 |       ||    48
       Tentacles         |       |    17 |   112 ||   129
       Long sword        |       |    31 |   130 ||   161
       Rapier            |       |       |   297 ||   297
Throw: Dart              |     2 |    35 |    32 ||    69
Invok: Sacrifice Experie |       |     1 |       ||     1
       Sacrifice Resista |       |       |     1 ||     1
       Draw Out Power    |       |       |     4 ||     4
       Power Leap        |       |       |     1 ||     1
       Sacrifice Skill   |       |       |     1 ||     1
Evoke: Wand              |       |     2 |       ||     2
  Use: Scroll            |       |     4 |    15 ||    19
       Potion            |       |     1 |    13 ||    14
 Stab: Sleeping          |    21 |    18 |    44 ||    83
       Invisible         |       |     1 |     4 ||     5
       Distracted        |       |       |     1 ||     1
       Confused          |       |       |     1 ||     1
       Paralysed         |       |       |     1 ||     1
Armor: Skin              |     1 |     6 |    11 ||    18
Dodge: Dodged            |    13 |    65 |   188 ||   266
Block: Buckler           |       |    18 |   105 ||   123

Table legend: (Time is in decaauts)
 A = Elapsed time spent in this place.
 B = Non-inter-level travel time spent in this place.
 C = Inter-level travel time spent in this place.
 D = Time resting spent in this place.
 E = Time spent auto-exploring this place.
 F = Levels seen in this place.
 G = Mean time per level.
                   A        B        C        D        E       F      G
               +--------+--------+--------+--------+--------+-----+--------+
         Total |  13992 |  13364 |    628 |   5823 |   4154 |  12 | 1166.0 |
       Dungeon |  12194 |  11578 |    616 |   4533 |   4103 |  10 | 1219.4 |
        Temple |     62 |     50 |     12 |      0 |     37 |   1 |   62.0 |
       Ossuary |   1735 |   1735 |      0 |   1290 |     14 |   1 | 1735.0 |
               +--------+--------+--------+--------+--------+-----+--------+

Top non-repeatable levels by time:
     D:4: 2079 daAuts
     D:7: 1920 daAuts
 Ossuary: 1735 daAuts
     D:3: 1517 daAuts
     D:8: 1267 daAuts
     D:6: 1197 daAuts
     D:2: 993 daAuts
     D:5: 906 daAuts
     D:9: 884 daAuts
    D:10: 770 daAuts
     D:1: 657 daAuts
  Temple: 62 daAuts
